Map: Interloper LE

Players

Fmtc

  • Race: Zerg Zerg
  • League: Master
  • Spawn Location: 11:00

akira - Winner!

  • Race: Protoss Protoss
  • League: Master
  • Spawn Location: 5:00

VOD

Have the link to the VOD?

Description

Time

  • Played on: Oct. 26, 2017, 10:32 a.m.
  • Length: 14:47
Show
View Real Time Build Order
Export as new Build Order

Fmtc Zerg 

Build Orders: Hatch First 

Get SALT Encoding   

  12  0:00  Drone  
  13  0:13  Overlord  
  13  0:17  Drone  
  14  0:32  Drone x2  
  14  0:35  Drone  
  17  0:52  Hatchery  
  17  0:56  Drone  
  17  1:01  Drone  
  18  1:11  Extractor  
  18  1:15  Spawning Pool  
  18  1:18  Drone  
  17  1:20  Drone  
  18  1:30  Drone  
  19  1:39  Drone  
  20  1:51  Hatchery  
  19  1:55  Drone  
  20  2:02  Queen  
  20  2:06  Zergling x2  
  23  2:14  Drone x2  
  25  2:19  Metabolic Boost  
  25  2:28  Queen  
  27  2:31  Drone  
  27  2:37  Overlord  
  28  2:56  Drone x4  
  32  2:58  Drone x2  
  34  3:12  Overlord  
  34  3:13  Drone x2  
  34  3:14  Drone x3  
  38  3:23  Queen  
  38  3:25  Queen  
  42  3:37  Zergling x6  
  42  3:38  Zergling x4  
  47  3:46  Overlord  
  45  3:55  Drone x2  
  45  3:56  Drone x2  
  48  4:05  Drone x4  
  51  4:10  Lair  
  51  4:14  Drone x3  
  51  4:15  Roach Warren  
  51  4:16  Drone x3  
  51  4:17  Extractor  
  55  4:21  Drone x2  
  56  4:32  Queen  
  56  4:34  Evolution Chamber, Drone  
  58  4:39  Spore Crawler  
  58  4:44  Spore Crawler  
  56  4:49  Drone x2  
  58  4:53  Overlord x3  
  58  5:00  Zerg Melee Weapons Level 1  
  58  5:08  Pneumatized Carapace  
  58  5:11  Overlord x2  
  58  5:12  Roach x3  
  58  5:13  Zergling x8  
  68  5:20  Extractor  
  67  5:24  Overseer  
  67  5:25  Drone x3  
  67  5:26  Drone x4  
  67  5:27  Drone  
  75  5:33  Drone  
  75  5:34  Drone x3  
  79  5:41  Roach x2  
  83  5:45  Queen  
  83  5:48  Extractor  
  83  5:49  Extractor  
  74  5:57  Drone x6  
  74  5:58  Drone  
  81  6:06  Drone x4  
  85  6:14  Spine Crawler  
  85  6:16  Extractor, Glial Reconstitution  
  85  6:17  Hydralisk Den  
  82  6:24  Baneling Nest  
  81  6:32  Drone x2  
  83  6:33  Drone, Hatchery, Overlord x3  
  83  6:39  Drone  
  87  6:40  Drone x6  
  90  6:49  Overlord  
  90  6:50  Overlord  
  90  6:52  Overlord x2  
  90  6:57  Zerg Melee Weapons Level 2  
  90  6:59  Muscular Augments  
  90  7:01  Hydralisk  
  90  7:02  Zergling x8  
  90  7:04  Zergling x4  
  98  7:13  Hydralisk x4  
  106  7:21  Centrifical Hooks  
  106  7:37  Hydralisk x5  
  106  7:38  Hydralisk x4  
  124  7:50  Overlord x2  
  124  7:51  Overlord  
  124  7:52  Zergling x14  
  124  7:56  Baneling x4  
  124  7:57  Baneling  
  124  7:58  Roach x2  
  135  8:09  Zergling x18  
  144  8:17  Hydralisk x2  
  144  8:18  Hydralisk x2  
  152  8:31  Zergling x18  
  159  8:36  Zergling x6  
  163  8:48  Zergling x10  
  163  8:55  Zergling x6  
  154  9:01  Baneling x2  
  151  9:03  Baneling x3  
  151  9:04  Hydralisk x3  
  148  9:13  Zerg Missile Weapons Level 1, Zergling x12  
  134  9:19  Roach  
  134  9:22  Hydralisk, Spore Crawler  
  134  9:23  Hydralisk x2  
  113  9:24  Spine Crawler  
  113  9:27  Spine Crawler  
  104  9:32  Hydralisk  
  104  9:33  Hydralisk x5  
  111  9:41  Hydralisk x2  
  115  9:52  Drone x4, Infestation Pit  
  118  9:57  Hydralisk x3  
  118  9:58  Hydralisk x2  
  128  10:03  Hatchery  
  127  10:25  Hydralisk x12  
  127  10:26  Hydralisk x2  
  155  10:33  Hive  
  155  10:37  Spire  
  155  10:40  Extractor x2, Drone x3  
  155  10:42  Drone x2  
  157  10:43  Drone  
  157  10:47  Zergling x6  
  157  10:48  Zergling x2  
  157  10:49  Zergling x2  
  161  11:01  Zergling x2  
  161  11:02  Zergling x16  
  170  11:11  Baneling x6  
  170  11:12  Baneling x2  
  170  11:15  Overlord x5  
  170  11:22  Baneling x11  
  109  11:47  Roach x5  
  109  11:48  Roach x10  
  131  11:57  Zergling x8  
  134  12:01  Zergling x4  
  134  12:03  Greater Spire  
  134  12:06  Zerg Missile Weapons Level 2  
  120  12:09  Ravager x3  
  120  12:10  Ravager x2  
  120  12:11  Ravager x2  
  120  12:12  Roach x4  
  135  12:22  Overseer  
  134  12:31  Zergling x16  
  140  12:40  Hydralisk  
  140  12:41  Hydralisk x4  
  142  12:49  Roach  
  142  12:50  Roach x3  
  124  12:52  Baneling x4  
  124  12:55  Roach x3  
  123  13:15  Hydralisk x8  
  137  13:22  Baneling x3  
  137  13:24  Ravager x2  
  137  13:25  Zergling x2  
  137  13:26  Zergling x10  
  143  13:49  Baneling  
  143  13:50  Baneling x7  
  143  13:51  Zergling x20  
  139  14:08  Hydralisk  
  139  14:09  Hydralisk x7  
  119  14:14  Zergling x6  
  104  14:22  Hydralisk  
  104  14:23  Hydralisk x2  
  80  14:33  Baneling  
Show
View Real Time Build Order
Export as new Build Order

akira Protoss - Winner!

Build Orders: 1 Gate Expand, Zealot Archon, Dark Templar Rush 

Get SALT Encoding   

  12  0:01  Probe (Chrono Boost)  
  13  0:11  Probe (Chrono Boost)  
  14  0:19  Pylon  
  14  0:23  Probe (Chrono Boost)  
  15  0:37  Probe (Chrono Boost)  
  15  0:38  Gateway  
  16  0:47  Probe (Chrono Boost)  
  16  0:49  Assimilator  
  17  0:58  Probe (Chrono Boost)  
  18  1:08  Probe (Chrono Boost)  
  19  1:22  Nexus  
  19  1:32  Cybernetics Core  
  19  1:35  Probe (Chrono Boost)  
  20  1:42  Assimilator  
  20  1:45  Probe (Chrono Boost)  
  21  1:55  Pylon  
  21  1:56  Probe (Chrono Boost)  
  22  2:09  Warp Gate  
  22  2:10  Probe  
  22  2:14  Adept (Chrono Boost)  
  25  2:22  Probe  
  26  2:33  Probe  
  26  2:34  Probe  
  30  2:37  Adept (Chrono Boost)  
  30  2:40  Twilight Council  
  30  2:44  Probe  
  30  2:46  Probe  
  32  2:54  Probe  
  33  2:58  Probe  
  33  3:01  Adept (Chrono Boost)  
  36  3:08  Robotics Facility, Probe  
  37  3:14  Probe  
  37  3:19  Probe  
  38  3:26  Probe  
  40  3:32  Gateway  
  40  3:34  Probe  
  42  3:41  Probe  
  42  3:43  Dark Shrine  
  42  3:44  Gateway  
  42  3:45  Gateway  
  42  3:49  Probe  
  39  3:56  Probe  
  39  4:01  Mothership Core  
  40  4:08  Probe  
  40  4:09  Warp Prism (Chrono Boost)  
  43  4:10  Pylon  
  43  4:13  Assimilator  
  43  4:15  Assimilator  
  45  4:20  Probe  
  46  4:26  Probe  
  46  4:30  Adept  
  49  4:35  Pylon  
  49  4:37  Pylon  
  49  4:45  Probe  
  50  4:48  Probe  
  51  4:54  Pylon  
  51  4:57  Dark Templar x4  
  51  4:58  Probe  
  60  5:00  Probe  
  61  5:10  Probe  
  62  5:24  Archon x2  
  62  5:29  Zealot x2  
  62  5:30  Zealot x2  
  62  5:31  Probe  
  62  5:34  Nexus  
  71  5:36  Pylon, Probe  
  71  5:37  Pylon  
  72  5:46  Observer (Chrono Boost), Probe  
  72  5:48  Forge  
  72  5:59  Probe  
  72  6:04  Warp Prism (Chrono Boost), Sentry x2  
  67  6:08  Protoss Ground Weapons Level 1, Probe  
  72  6:15  Probe  
  73  6:19  Probe  
  73  6:24  Charge (Chrono Boost)  
  74  6:27  Gateway x2  
  74  6:28  Gateway  
  74  6:29  Gateway  
  74  6:31  Probe  
  74  6:32  Gateway, Probe  
  76  6:40  Dark Templar  
  76  6:41  Dark Templar  
  76  6:43  Probe  
  76  6:44  Probe  
  76  6:46  Archon  
  82  6:48  Zealot x2  
  82  6:52  Probe  
  87  6:55  Probe  
  87  6:56  Assimilator  
  88  7:01  Assimilator  
  88  7:03  Templar Archives  
  88  7:07  Immortal  
  92  7:14  Zealot  
  94  7:18  Probe x3  
  97  7:25  Dark Templar x2  
  97  7:26  Dark Templar x2  
  105  7:30  Probe  
  105  7:32  Pylon  
  105  7:33  Pylon  
  105  7:34  Archon x2  
  106  7:38  Probe  
  106  7:40  Probe  
  106  7:41  Psionic Storm  
  108  7:55  Zealot  
  108  7:56  Zealot x4  
  118  7:59  High Templar x2  
  118  8:01  Probe  
  123  8:12  Zealot  
  125  8:22  Protoss Ground Weapons Level 2  
  125  8:25  Probe  
  124  8:28  Pylon  
  124  8:30  Pylon  
  122  8:34  High Templar  
  124  8:47  Immortal (Chrono Boost)  
  124  8:48  Pylon  
  128  8:50  Pylon  
  128  8:54  Zealot x3  
  128  8:55  Probe  
  125  8:57  Zealot x3  
  125  8:58  Zealot x2  
  118  9:12  Zealot  
  100  9:19  Zealot x3  
  100  9:22  Zealot x3  
  100  9:23  Zealot, Probe  
  93  9:26  Zealot x3  
  93  9:27  Zealot  
  93  9:30  Probe  
  86  9:32  High Templar x2  
  86  9:34  High Templar x2  
  86  9:37  Probe x2  
  96  9:43  Pylon  
  96  9:45  Pylon  
  96  9:49  Mothership Core  
  96  9:52  High Templar x2  
  100  9:53  High Templar x2  
  100  9:58  Archon  
  106  10:00  Zealot  
  106  10:02  Immortal (Chrono Boost)  
  106  10:07  High Templar  
  114  10:10  Zealot x3  
  114  10:11  Probe x3  
  114  10:13  Archon  
  123  10:23  Zealot, Probe  
  123  10:25  Zealot  
  123  10:28  Probe  
  129  10:30  Nexus  
  129  10:32  Pylon  
  129  10:34  High Templar x3  
  135  10:38  Zealot x3  
  135  10:41  Probe  
  135  10:42  Probe  
  143  10:45  High Templar x2  
  148  10:50  Archon, Observer (Chrono Boost)  
  148  11:03  Zealot x4  
  156  11:12  Probe  
  156  11:13  Zealot x2  
  156  11:14  Zealot  
  156  11:15  Probe  
  161  11:26  Zealot  
  161  11:27  Zealot  
  161  11:30  Probe  
  118  11:57  Protoss Ground Weapons Level 3, Zealot x2  
  118  11:58  High Templar x2, Zealot  
  118  11:59  High Templar x2, Zealot x2  
  118  12:00  Probe x2  
  118  12:01  Probe  
  134  12:02  Probe  
  134  12:04  Archon  
  134  12:06  Archon  
  134  12:08  Immortal (Chrono Boost)  
  140  12:14  Probe  
  140  12:15  Probe  
  142  12:26  High Templar x4  
  142  12:27  Zealot  
  152  12:32  Zealot  
  152  12:33  Zealot x3  
  152  12:36  Assimilator  
  156  12:37  Archon  
  156  12:40  Assimilator  
  156  12:41  Archon  
  156  12:42  Observer (Chrono Boost)  
  156  12:43  Photon Cannon  
  147  12:56  High Templar x2  
  151  13:00  Zealot x3  
  151  13:01  Immortal (Chrono Boost), Zealot  
  163  13:08  Photon Cannon  
  163  13:09  Photon Cannon  
  163  13:12  High Templar x2  
  159  13:18  Zealot  
  161  13:20  Probe  
  161  13:25  Archon  
  162  13:40  Zealot x5  
  162  13:41  Zealot x2  
  174  13:50  High Templar  
  162  14:06  Zealot x2  
  162  14:07  Zealot x4  
  154  14:13  Archon  
  154  14:15  Zealot  
  154  14:16  Zealot  
  140  14:31  Stalker x2  
  140  14:32  Stalker x2  
  145  14:39  High Templar  
  145  14:40  High Templar x3, Zealot  
  145  14:45  Archon x3  
Tags
 
Add a new tag
Caveats
  • Supply blocks, unpowered buildings, or Contaminate may cause inaccurate times.
  • Supply counts are checked every 10 seconds.